 Dungeon Crawl Stone Soup version 0.20.1-1-g8b1a95d (webtiles) character file.

2983 iopi the Basher (level 9, -3/80 HPs)
             Began as a Minotaur Berserker on Oct 18, 2017.
             Was an Elder of Trog.
             Slain by an orc warrior
             ... wielding a +0 scimitar
              (5 damage)
             ... on level 8 of the Dungeon.
             The game lasted 01:36:29 (7085 turns).

iopi the Basher (Minotaur Berserker)                Turns: 7085, Time: 01:36:30

Health: -3/80      AC: 12    Str: 23    XL:     9   Next: 53%
Magic:  8/8        EV: 10    Int:  4    God:    Trog [****..]
Gold:   262        SH:  0    Dex: 12    Spells: 8/8 levels left

rFire    . . .     SeeInvis .   K - +2 flail
rCold    . . .     Gourm    .   (no shield)
rNeg     . . .     Faith    .   J - +0 chain mail
rPois    .         Spirit   .   (helmet restricted)
rElec    .         Reflect  .   (no cloak)
rCorr    .         Harm     .   y - +0 pair of gloves (curse)
MR       ++...                  (no boots)
Stlth    ..........             (no amulet)
Regen    1.3/turn               (no ring)
MPRegen  0.2/turn               (no ring)

@: lethally poisoned (-3 -> -3), about to teleport, berserk cooldown,
regenerating, slowed, very slow
A: retaliatory headbutt, horns 2
a: Berserk, Trog's Hand, Brothers in Arms, Burn Spellbooks, Renounce Religion


You were on level 8 of the Dungeon.
You worshipped Trog.
Trog was greatly pleased with you.
You were not hungry.

You visited 2 branches of the dungeon, and saw 9 of its levels.

You collected 374 gold pieces.
You spent 112 gold pieces at shops.

Inventory:

Hand Weapons
 a - a +0 dagger
 f - a +2 shortbow of velocity
 F - a +0 morningstar
 K - a +2 flail (weapon)
Missiles
 v - 49 arrows
Armour
 b - a +0 animal skin
 i - a +0 pair of boots
 l - a +1 ring mail
 p - a +0 pair of boots
 y - a cursed +0 pair of gloves (worn)
 E - a +0 pair of boots
 J - a +0 chain mail (worn)
 N - a +0 pair of boots
 U - a +0 pair of gloves
 V - a +0 animal skin
Jewellery
 h - an uncursed ring of stealth {unknown}
 o - an uncursed amulet of faith {unknown}
 O - an uncursed ring of poison resistance {unknown}
 P - an uncursed ring of wizardry {unknown}
 S - a +6 amulet of reflection {unknown}
Wands
 r - a wand of flame (0/48)
 w - a wand of polymorph (2/24)
 D - a wand of digging (7/24)
 Q - a wand of polymorph (11/24)
 R - a wand of flame (37/48)
Scrolls
 m - 2 scrolls of teleportation
 n - 2 scrolls of noise
 s - a scroll of fog {unknown}
 t - a scroll of recharging {unknown}
 B - a scroll of fear {unknown}
 G - a scroll of magic mapping {unknown}
 I - a scroll of remove curse {unknown}
Potions
 d - a potion of brilliance
 e - a potion of haste {unknown}
 g - 4 potions of heal wounds
 j - a potion of magic {unknown}
 k - a potion of agility
 q - a potion of curing
 u - 2 potions of resistance {unknown}
 x - 2 potions of might {unknown}
 A - a potion of flight {unknown}
 H - 2 potions of mutation {unknown}
 L - a potion of lignification {unknown}
 T - a potion of berserk rage {unknown}
Comestibles
 c - a meat ration
 z - 7 royal jellies
 C - a fruit
 W - 2 bread rations


   Skills:
 + Level 7.6 Fighting
 + Level 11.0 Maces & Flails
 + Level 3.1 Bows
 + Level 8.3 Armour
 + Level 3.7 Dodging
 + Level 1.6 Stealth
 + Level 0.8 Evocations


You had 8 spell levels left.
You didn't know any spells.

Dungeon Overview and Level Annotations

Branches:
Dungeon (8/15)             Temple (1/1) D:7
   Lair: D:8-11

Altars:
Cheibriados
Dithmenos
Elyvilon
Fedhas
Gozag
Hepliaklqana
Kikubaaqudgha
Makhleb
Nemelex Xobeh
Okawaru
Qazlal
Ru
Sif Muna
Trog
Vehumet
Xom
Yredelemnul
Zin
The Shining One

Shops:
D:4 !   D:5 [


Innate Abilities, Weirdness & Mutations

You reflexively headbutt those who attack you in melee.
You have a pair of horns on your head.


Message History

The orc hits you but does no damage.
You hear some strange, mumbled words.
A puff of flame appears from out of thin air!
The puff of flame hits you!
* * * LOW HITPOINT WARNING * * *
The orc warrior hits you with a scimitar.
* * * LOW HITPOINT WARNING * * *
The orc wizard looks braver for a moment.
As you read the scroll of teleportation, it crumbles to dust.
You feel strangely unstable. Something hits you but does no damage.
The orc hits you but does no damage.
The orc wizard hits you but does no damage.
The orc warrior hits you with a scimitar!
* * * LOW HITPOINT WARNING * * *
Something hits you but does no damage. The orc hits you but does no damage.
You feel sick.
The orc wizard gestures at you while chanting.
The magic dart hits something.
The orc warrior hits you with a scimitar.
You die...

##..##.........#
.......†......####
#.†.<........
.....#†.)........
.... ##..).##... .
..#.....##.##
.........?#.#
..........o.#
.........@.o.#
...##.....o...#
... #......#....#
#......##.#..#
######## .##.# .#
..


You could see an orc warrior, an orc wizard and an orc.

Vanquished Creatures
  A human (D:7)
  4 hogs (D:7)
  Eustachio (D:5)
  2 orc warriors
  A phantom (D:5)
  4 ogres
  2 centaurs
  3 bullfrogs
  A scorpion (D:4)
  4 killer bees (D:8)
  3 howler monkeys (D:7)
  A bullfrog zombie (D:6)
  A crimson imp (D:7)
  2 hounds
  2 orc priests (D:5)
  2 iguanas
  Ijyb (D:3)
  4 orc wizards
  4 worker ants
  Natasha (thrice) (D:3 D:5)
  A killer bee zombie (D:6)
  A hound skeleton (D:7)
  7 adders
  7 gnolls
  A howler monkey skeleton (D:5)
  An ooze (D:2)
  2 adder skeletons
  5 worms
  A dart slug (D:1)
  6 leopard geckos
  21 orcs
  12 bats
  6 giant cockroaches
  10 goblins
  8 hobgoblins
  10 jackals
  5 quokkas
  A ball python (D:5)
  7 frilled lizards
  A jackal skeleton (D:4)
  A jackal zombie (D:5)
  6 kobolds
  2 quokka skeletons
  5 rats
173 creatures vanquished.

Notes
Turn   | Place    | Note
-------+----------+-------------------------------------------
     0 | D:1      | iopi the Minotaur Berserker began the quest for the Orb.
     0 | D:1      | Reached XP level 1. HP: 19/19 MP: 0/0
    48 | D:1      | Reached XP level 2. HP: 27/27 MP: 1/1
    49 | D:1      | Reached skill level 4 in Maces & Flails
   443 | D:1      | Reached XP level 3. HP: 19/33 MP: 2/2
   845 | D:1      | Reached ** piety under Trog
  1377 | D:2      | Reached XP level 4. HP: 40/41 MP: 3/3
  1915 | D:2      | Found a sparkling altar of Nemelex Xobeh.
  2015 | D:3      | Noticed Ijyb
  2035 | D:3      | Killed Ijyb
  2035 | D:3      | Reached skill level 5 in Maces & Flails
  2035 | D:3      | Reached skill level 1 in Stealth
  2357 | D:3      | Reached XP level 5. HP: 32/47 MP: 4/4
  2712 | D:3      | Noticed Natasha
  2721 | D:3      | Killed Natasha
  2955 | D:3      | Noticed Natasha
  2965 | D:3      | Killed Natasha
  3338 | D:4      | Reached skill level 6 in Maces & Flails
  3356 | D:4      | Found an ancient bone altar of Kikubaaqudgha.
  3357 | D:4      | Found a snail-covered altar of Cheibriados.
  3359 | D:4      | Found an opulent altar of Gozag.
  3361 | D:4      | Found a shimmering altar of Xom.
  3473 | D:4      | Found Erusoeg's Distillery.
  3490 | D:4      | Bought a potion of curing for 42 gold pieces
  3490 | D:4      | Bought a potion of heal wounds for 70 gold pieces
  3557 | D:4      | Reached skill level 5 in Fighting
  3583 | D:4      | Reached XP level 6. HP: 43/56 MP: 5/5
  3769 | D:5      | Entered Level 5 of the Dungeon
  3918 | D:5      | Reached skill level 7 in Maces & Flails
  4041 | D:5      | Noticed Natasha
  4046 | D:5      | Killed Natasha
  4061 | D:5      | Reached XP level 7. HP: 54/61 MP: 6/6
  4201 | D:5      | Reached skill level 5 in Armour
  4202 | D:5      | Reached *** piety under Trog
  4469 | D:5      | Found Kuinu's Armour Shoppe.
  4506 | D:5      | Noticed Eustachio
  4653 | D:5      | Killed Eustachio
  4653 | D:5      | Reached skill level 8 in Maces & Flails
  4720 | D:5      | Reached XP level 8. HP: 48/70 MP: 7/7
  5523 | D:6      | Reached skill level 9 in Maces & Flails
  5632 | D:7      | Found a staircase to the Ecumenical Temple.
  5637 | D:7      | Reached skill level 1 in Bows
  5701 | Temple   | Entered the Ecumenical Temple
  6431 | D:7      | Reached skill level 10 in Maces & Flails
  6431 | D:7      | Reached XP level 9. HP: 69/79 MP: 8/8
  6751 | D:7      | Reached **** piety under Trog
  6751 | D:7      | Received a gift from Trog
  7072 | D:8      | Reached skill level 11 in Maces & Flails
  7084 | D:8      | HP: 2/80 [orc warrior/scimitar (8)]
  7085 | D:8      | Slain by an orc warrior

Skill      XL: |  1  2  3  4  5  6  7  8  9 |
---------------+----------------------------+-----
Maces & Flails | 4 5 6 7 8 10 11 | 11.0
Fighting       | 4 5 6 7 |  7.6
Stealth        | 1 |  1.6
Armour         | 3 4 5 7 8 |  8.3
Dodging        | 3 |  3.7
Bows           | 2 3 |  3.1
Evocations     | |  0.8

Action                   |  1- 3 |  4- 6 |  7- 9 || total
-------------------------+-------+-------+-------++-------
Melee: Mace              |   105 |   152 |    91 ||   348
       Headbutt          |    16 |    24 |    38 ||    78
       Flail             |       |       |   111 ||   111
       Morningstar       |       |       |     1 ||     1
 Fire: Shortbow          |       |       |    11 ||    11
Invok: Berserk           |     1 |     3 |     3 ||     7
       Trog's Hand       |     1 |     4 |     2 ||     7
Evoke: Wand              |       |       |     4 ||     4
  Use: Scroll            |       |     4 |     7 ||    11
       Potion            |       |     1 |     1 ||     2
  Eat: Bread ration      |     1 |     2 |     1 ||     4
       Fruit             |       |     3 |       ||     3
       Meat ration       |       |       |     2 ||     2
Armor: Animal skin       |    24 |     2 |       ||    26
       Ring mail         |       |    34 |     7 ||    41
       Chain mail        |       |       |   110 ||   110
       Skin              |       |       |     6 ||     6
Dodge: Dodged            |    80 |    85 |   104 ||   269
